 Dungeon Crawl Stone Soup version 0.30-a0-329-g85436e0a43 (webtiles) character file.

Game seed: 10967857518736967551

2 blackman the Sneak (level 1, 0/17 (18) HPs)
             Began as a Human Delver on Oct 28, 2022.
             Was an Initiate of Zin.
             Slain by an orc priest
             ... wielding a +1 dagger of draining
              (5 damage)
             ... on level 3 of the Dungeon.
             The game lasted 00:01:32 (113 turns).

blackman the Sneak (Human Delver)                    Turns: 113, Time: 00:01:32

HP:   0/17 (18)     AC:  3    Str: 12    XL:     1   Next: 33%
MP:   1/1           EV: 12    Int: 10    God:    Zin [......]
Gold: 0             SH:  0    Dex: 14    Spells: 0/0 levels left

rFire   . . .      SeeInvis .    a - +0 falchion
rCold   . . .      Faith    .    (no shield)
rNeg    . . .      Spirit   .    b - +0 leather armour
rPois   .          Reflect  .    (no helmet)
rElec   .          Harm     .    (no cloak)
rCorr   .          Rampage  .    (no gloves)
Will    .....                    (no boots)
Stlth   +++.......               (no amulet)
HPRegen 0.22/turn                (no ring)
MPRegen 0.07/turn                (no ring)

@: hasted, drained, very quick
A: no striking features
a: Renounce Religion, Donate Gold


You were on level 3 of the Dungeon.
You worshipped Zin.
Zin was noncommittal.
You visited 1 branch of the dungeon, and saw 3 of its levels.

Inventory:

Hand Weapons
 a - a +0 falchion (weapon)
Armour
 b - a +0 leather armour (worn)
Scrolls
 c - a scroll of fog
 d - a scroll of enchant armour {unknown}
 i - 3 scrolls of immolation
Potions
 e - a potion of berserk rage {unknown}


   Skills:
 - Level 3.0 Fighting
 + Level 2.2 Long Blades
 - Level 2.0 Dodging
 - Level 5.0 Stealth


You couldn't memorise any spells.
You didn't know any spells.
Your spell library was empty.

Dungeon Overview and Level Annotations

Branches:
Dungeon (5/15)
 Temple: D:4-7

Altars:
Zin

Annotations:
D:5 Dowan, Duvessa


Message History

The orc wizard casts a spell.
The orc wizard flickers and vanishes!
Deactivating autopickup; reactivate with Ctrl-A.
You open the door.
A goblin, an orc priest and 4 orcs come into view.
An orc is wielding a +1 whip of flaming.
The orc priest is wielding a +1 dagger of draining.
The orc moves out of view.
Found a stone staircase leading up.
The orc hits you but does no damage.
There is an open door here.
The orc priest shouts!
You hear a shout!
There are monsters nearby!
Unknown command.
Aiming: Dig
Press: ? - help, Shift-Dir - straight line A rock wall.
The rock shatters into small pieces.
The orc hits you with a +0 dagger. The orc closely misses you.
A quokka comes into view.
The orc priest barely misses you.
Aiming: Dig
Press: ? - help, Shift-Dir - straight line You can't see that place.
The rock shatters into small pieces.
The now-empty wand crumbles to dust.
The orc misses you. The orc priest closely misses you.
You miss the quokka. The quokka closely misses you.
The orc priest casts a cantrip, but nothing happens.
The orc closely misses you.
You hit the quokka but do no damage. Your punch misses the quokka.
The quokka barely misses you.
You barely miss the quokka. The quokka barely misses you.
The orc hits you with a +0 club.
The orc priest hits you with a +1 dagger of draining.
You feel drained.
* * * LOW HITPOINT WARNING * * *
You hit the quokka.
You kill the quokka!
The orc barely misses you. The orc closely misses you.
The orc priest hits you with a +1 dagger of draining.
You die...

## #. #.# #.#
#.. ..##..
#.... #⌠...
#.#.<.g##
#.#⌠.oo@#
###.##..oo##
#....##..o{##
###.....##..'o#
#........##⌠#.#
#......o.###o#
#....o..o...#
#.......#####
#.......#


You could see an orc priest, 6 orcs and a goblin.

Vanquished Creatures
  An orc (D:4)
  A quokka (D:3)
2 creatures vanquished.

Notes
Turn   | Place    | Note
-------+----------+-------------------------------------------
     0 | D:5      | blackman the Human Delver began the quest for the Orb.
     0 | D:5      | Reached XP level 1. HP: 18/18 MP: 1/1
    22 | D:5      | Noticed Duvessa
    22 | D:5      | Noticed Dowan
    38 | D:5      | Noticed an iguana
    40 | D:5      | Noticed a phantom
    59 | D:4      | Noticed an orc wizard
    59 | D:4      | Found a glowing silver altar of Zin.
    71 | D:4      | Became a worshipper of Zin the Law-Giver
    91 | D:3      | Noticed an orc wizard
   102 | D:3      | Noticed an orc priest
   113 | D:3      | Slain by an orc priest

Illustrated notes

Levels and vault maps discovered:
D:3:      wad_lake_hut, layout_rooms, nicolae_yredelemnul_corpse_copse,
          mainiacjoe_overflow_alcove_2, mainiacjoe_overflow_chevrons,
          basic_ecumenical_altar, grunt_ministairs_8
D:4:      minmay_goblin_kobold_castle, layout_gridville, lemuel_round_altar,
          zin_academy, uniq_natasha
D:5:      layout_loops_ring, mainiacjoe_overflow_big_doors,
          kennysheep_generic_room_7, uniq_duvessa

Action                   || total
-------------------------++-------
Melee: Falchion          ||     5
Evoke: Wand              ||     3
  Use: Scroll            ||     3
       Potion            ||     1
Armor: Leather armour    ||     1
Dodge: Dodged            ||    17

Table legend: (Time is in decaauts)
 A = Elapsed time spent in this place.
 B = Non-inter-level travel time spent in this place.
 C = Inter-level travel time spent in this place.
 D = Time resting spent in this place.
 E = Time spent auto-exploring this place.
 F = Levels seen in this place.
 G = Mean time per level.
                   A        B        C        D        E       F      G
               +--------+--------+--------+--------+--------+-----+--------+
         Total |    106 |    106 |      0 |      0 |     20 |   3 |   35.3 |
       Dungeon |    106 |    106 |      0 |      0 |     20 |   3 |   35.3 |
               +--------+--------+--------+--------+--------+-----+--------+

Top non-repeatable levels by time:
     D:4: 47 daAuts
     D:5: 44 daAuts
     D:3: 15 daAuts
